[Event "Titled Tuesday Blitz February 28 Early 2023"]
[White "Mushini Ajay"]
[Black "Malek, Jan"]
[WhiteFideId "35066188"]
[BlackFideId "21864080"]
[WhiteElo "2145"]
[BlackElo "2255"]
[Result "0-1"]
[Round "01"]
[TimeControl "180+2"]
[Date "2023.02.28"]
[WhiteClock "0:00:03"]
[BlackClock "0:00:12"]

1. c4 c6 2. Nc3 d5 3. d4 Nf6 4. Nf3 a6 5. c5 Nbd7 6. Bf4 b6 7. cxb6 a5 8. e4 Qxb6 9. exd5 Nxd5 10. Nxd5 cxd5 11. Bd3 e6 12. O-O Bd6 13. Ne5 Bxe5 14. dxe5 Ba6 15. Bxa6 Qxa6 16. Qg4 g6 17. Bh6 Qc4 18. Qg5 Qe4 19. Rac1 Qf5 20. Qe3 Rg8 21. h4 Qxe5 22. Qd2 Qd6 23. Rfe1 f6 24. Bf4 e5 25. Bg3 Kf7 26. f4 Rge8 27. fxe5 fxe5 28. Qh6 Kg8 29. h5 Rac8 30. hxg6 hxg6 31. Rxc8 Rxc8 32. Rf1 Rf8 33. Rc1 d4 34. Bh4 d3 35. Qd2 e4 36. Bf2 Qd5 37. Qh6 Qf5 38. Rf1 Ne5 0-1


[Site "https://www.chess.com"]

[Event "Titled Tuesday Blitz February 28 Early 2023"]
[White "Matinian, Nikita"]
[Black "Kaganskiy, Gleb"]
[WhiteFideId "24129100"]
[BlackFideId "4132025"]
[WhiteElo "2422"]
[BlackElo "2165"]
[Result "1-0"]
[Round "01"]
[TimeControl "180+2"]
[Date "2023.02.28"]
[WhiteClock "0:01:08"]
[BlackClock "0:00:16"]

1. e4 e6 2. d4 d5 3. Nc3 Bb4 4. Ne2 dxe4 5. a3 Bxc3+ 6. Nxc3 Nc6 7. Bb5 Ne7 8. Bg5 O-O 9. Bxc6 bxc6 10. Nxe4 Rb8 11. Bxe7 Qxe7 12. b4 Ba6 13. Nc5 Bc4 14. Qh5 Rfd8 15. c3 Rd5 16. Qf3 e5 17. O-O-O a5 18. Rhe1 axb4 19. cxb4 Qg5+ 20. Qe3 Qxg2 21. dxe5 h6 22. Qg3 Qxg3 23. hxg3 g5 24. Kb2 Rxc5 25. Rc1 Rd5 26. Rxc4 c5 27. Kc3 Re8 28. Rxc5 Rxc5+ 29. bxc5 Ra8 30. Kb4 Rb8+ 31. Kc4 Ra8 32. Ra1 Kf8 33. a4 Ke7 34. c6 Ke6 35. a5 Kxe5 36. Kc5 Ra6 37. Kb5 Ra7 38. a6 Kd6 39. Rd1+ Ke6 40. Rd8 f5 41. Rh8 Kd5 42. Rxh6 Ke4 43. Rf6 f4 44. gxf4 gxf4 45. Rf8 f3 46. Rb8 Kd3 47. Rb7 Ra8 48. Rxc7 Ke2 49. a7 Kxf2 50. Kb6 Ke2 51. Kb7 Rxa7+ 52. Kxa7 f2 53. Re7+ Kd2 54. Rf7 Ke1 55. c7 f1=Q 56. Rxf1+ Kxf1 57. c8=Q Ke2 58. Kb6 Kf3 59. Kc5 Kf4 60. Kd4 Kg3 61. Qf8 Kh2 62. Ke3 Kg1 63. Qf2+ Kh1 64. Qd2 Kg1 65. Kf3 Kh1 66. Qg2# 1-0


[Site "https://www.chess.com"]

[Event "Titled Tuesday Blitz February 28 Early 2023"]
[White "Fernandez Garcia, Gumersindo"]
[Black "Nazari, Arad"]
[WhiteFideId "24516740"]
[BlackFideId "12577324"]
[WhiteElo "2093"]
[BlackElo "2242"]
[Result "0-1"]
[Round "01"]
[TimeControl "180+2"]
[Date "2023.02.28"]
[WhiteClock "0:00:14"]
[BlackClock "0:00:19"]

1. d4 Nf6 2. c4 g6 3. Nf3 Bg7 4. Nc3 d5 5. cxd5 Nxd5 6. e4 Nxc3 7. bxc3 O-O 8. Be3 c5 9. Rb1 Bg4 10. Rxb7 Nc6 11. Be2 Bxf3 12. Bxf3 cxd4 13. cxd4 Bxd4 14. O-O Bxe3 15. fxe3 e6 16. Qa4 Qd6 17. Rd1 Qc5 18. Kh1 Rab8 19. Rc7 Rfc8 20. Rxc8+ Rxc8 21. h3 Rc7 22. Qa6 Kg7 23. Qa4 Qxe3 24. Qb5 Qb6 25. Qg5 f6 26. Qg3 e5 27. Bg4 Nd4 28. Qa3 Qc5 29. Qa4 h5 30. Bd7 Qc2 31. Qxc2 Rxc2 32. a4 Ne2 33. Rb1 Rc1+ 34. Rxc1 Nxc1 35. Kg1 Ne2+ 36. Kf2 Nd4 37. Ke3 Kf7 38. Kd3 Ke7 39. Bc8 Kd6 40. Kc4 a5 41. g4 hxg4 42. hxg4 g5 43. Ba6 Kc6 44. Bc8 Nc2 45. Bf5 Ne3+ 46. Kc3 Nxf5 47. exf5 Kc5 48. Kb3 Kd4 49. Kc2 Kc4 50. Kd2 Kb4 51. Kd3 0-1


[Site "https://www.chess.com"]

[Event "Titled Tuesday Blitz February 28 Early 2023"]
[White "Barbosa, Evandro Amorim"]
[Black "Rian, Kapriaga"]
[WhiteFideId "2115824"]
[BlackFideId "7103263"]
[WhiteElo "2439"]
[BlackElo "2369"]
[Result "1-0"]
[Round "01"]
[TimeControl "180+2"]
[Date "2023.02.28"]
[WhiteClock "0:00:25"]
[BlackClock "0:00:01"]

1. e4 c6 2. d4 d5 3. exd5 cxd5 4. c4 Nf6 5. Nc3 Nc6 6. Bg5 e6 7. Nf3 Be7 8. c5 O-O 9. Bb5 Bd7 10. O-O b6 11. Bxc6 Bxc6 12. b4 bxc5 13. dxc5 h6 14. Bh4 Rb8 15. a3 a5 16. Rb1 axb4 17. axb4 Ba8 18. Re1 Qd7 19. Ne5 Qb7 20. c6 Qc7 21. b5 Rfc8 22. Qd4 Bd6 23. Bg3 Nh5 24. b6 Qe7 25. b7 Bxb7 26. cxb7 Rxb7 27. Rxb7 Qxb7 28. Nf3 Nxg3 29. hxg3 Qb2 30. Ne2 Qa2 31. Nf4 Bc5 32. Qd2 Qa4 33. Rc1 Qe8 34. Nd3 Bb6 35. Rxc8 Qxc8 36. Qc1 Qa6 37. Nde5 Qa7 38. Qc8+ Kh7 39. Qc2+ Kg8 40. g4 Qc7 41. Qxc7 Bxc7 42. g3 f6 43. Nc6 Kf7 44. Kf1 g6 45. Ke2 h5 46. gxh5 gxh5 47. Ncd4 f5 48. Nb5 Bb6 49. Ne5+ Kf6 50. Nd7+ Kg5 51. Nxb6 h4 52. gxh4+ Kxh4 53. Nd7 Kg4 54. Nd4 e5 55. Nxe5+ Kf4 56. Nd3+ Ke4 57. Ne6 f4 58. f3+ Kf5 59. Nexf4 d4 60. Ng2 1-0


[Site "https://www.chess.com"]

[Event "Titled Tuesday Blitz February 28 Early 2023"]
[White "Koridze, Lile"]
[Black "Shuvalova, Polina"]
[WhiteFideId "13612514"]
[BlackFideId "24171760"]
[WhiteElo "2047"]
[BlackElo "2330"]
[Result "1-0"]
[Round "01"]
[TimeControl "180+2"]
[Date "2023.02.28"]
[WhiteClock "0:00:09"]
[BlackClock "0:00:07"]

1. d4 Nf6 2. c4 e6 3. Nf3 d5 4. g3 Bb4+ 5. Bd2 Be7 6. Bg2 Nbd7 7. O-O c6 8. Qc2 O-O 9. b3 b6 10. Bf4 h6 11. Rd1 Ba6 12. Nc3 Rc8 13. Ne5 Nxe5 14. dxe5 Nd7 15. e4 dxc4 16. bxc4 Qc7 17. Qa4 Bb7 18. Rab1 Rfd8 19. Ne2 Nxe5 20. Qxa7 Rxd1+ 21. Rxd1 Bf6 22. Qa4 g5 23. Be3 Ra8 24. Qb3 c5 25. Nc3 Bc6 26. Nb5 Qe7 27. h3 Kg7 28. f4 gxf4 29. gxf4 Ng6 30. e5 Bxg2 31. exf6+ Qxf6 32. Kxg2 Nxf4+ 33. Bxf4 Qxf4 34. Rf1 Qe4+ 35. Kg1 Qg6+ 36. Kh2 Kh7 37. Qb2 Rg8 38. Qf2 f5 39. Rg1 Qf6 40. Rxg8 Kxg8 41. Qg2+ Kh7 42. Qe2 e5 43. Nc7 e4 44. Nd5 Qe5+ 45. Kg2 Qg7+ 46. Kf1 Qa1+ 47. Kf2 Qd4+ 48. Qe3 Qb2+ 49. Kg3 Qe5+ 50. Qf4 Qg7+ 51. Kh4 Qg6 52. Qc7+ Kh8 53. Qd8+ Kh7 54. Qe7+ Kh8 55. Qf8+ Qg8 56. Qxh6+ Qh7 57. Qxh7+ Kxh7 58. Nxb6 Kg6 59. Nd5 Kf7 60. a4 Ke6 61. Kg3 Ke5 62. a5 Kd4 63. a6 Kxc4 64. Ne3+ Kd3 65. Nxf5 c4 66. a7 c3 67. a8=Q c2 68. Qd5+ Ke2 69. Qxe4+ Kd1 70. Qd3+ Kc1 71. Ne3 Kb1 72. Qxc2+ Ka1 73. Qa4+ Kb2 74. Qb4+ Ka1 75. Nc4 Ka2 76. Qb2# 1-0


[Site "https://www.chess.com"]

[Event "Titled Tuesday Blitz February 28 Early 2023"]
[White "Srihari L R"]
[Black "Todorovic, Bojan"]
[WhiteFideId "46617116"]
[BlackFideId "917087"]
[WhiteElo "2334"]
[BlackElo "2266"]
[Result "1-0"]
[Round "01"]
[TimeControl "180+2"]
[Date "2023.02.28"]
[WhiteClock "0:01:47"]
[BlackClock "0:00:25"]

1. Nf3 Nf6 2. g3 g6 3. Bg2 Bg7 4. O-O O-O 5. c4 c6 6. Nc3 d5 7. cxd5 cxd5 8. d4 Ne4 9. Ne5 Nd7 10. Nxd5 Nxe5 11. dxe5 Nc5 12. Bg5 f6 13. exf6 exf6 14. Be3 b6 15. Nxf6+ Bxf6 16. Qxd8 Rxd8 17. Bxa8 Be6 18. Bf3 Bxb2 19. Rad1 Rc8 20. Bd5 Kf7 21. Bxc5 Rxc5 22. Bxe6+ Kxe6 23. Rd2 Be5 24. Kg2 a5 25. f4 Bc3 26. Rd3 b5 27. Rfd1 b4 28. Rd6+ Kf5 29. Kf3 1-0


[Site "https://www.chess.com"]

[Event "Titled Tuesday Blitz February 28 Early 2023"]
[White "Jovic, Stanoje"]
[Black "Dehtiarov, Roman"]
[WhiteFideId "905020"]
[BlackFideId "14186640"]
[WhiteElo "2236"]
[BlackElo "2162"]
[Result "1-0"]
[Round "01"]
[TimeControl "180+2"]
[Date "2023.02.28"]
[WhiteClock "0:01:16"]
[BlackClock "0:01:31"]

1. c4 e5 2. g3 Nc6 3. Bg2 Nf6 4. Nf3 Bc5 5. O-O O-O 6. Nxe5 Nxe5 7. d4 Bd6 8. c5 Bxc5 9. dxe5 Ne8 10. Nc3 d6 11. Ne4 Qe7 12. Nxc5 dxc5 13. f4 c6 14. Qc2 f5 15. Be3 b6 16. Bxc6 Rb8 17. Rfd1 Be6 18. Bd5 Nc7 19. Bxe6+ Nxe6 20. Rd6 Rbd8 21. Rad1 Rxd6 22. Rxd6 Rd8 23. Qd3 Rxd6 24. exd6 Qd7 25. Qd5 g6 26. h4 h5 27. a3 Kg7 28. b4 cxb4 29. axb4 Kf7 30. b5 Ke8 31. Bc1 Nc5 32. Qg8# 1-0


[Site "https://www.chess.com"]

[Event "Titled Tuesday Blitz February 28 Early 2023"]
[White "Subelj, Jan"]
[Black "Van Dael, Siem"]
[WhiteFideId "14618583"]
[BlackFideId "1049771"]
[WhiteElo "2480"]
[BlackElo "2336"]
[Result "1-0"]
[Round "01"]
[TimeControl "180+2"]
[Date "2023.02.28"]
[WhiteClock "0:01:06"]
[BlackClock "0:00:01"]

1. d4 Nf6 2. Nf3 g6 3. Bf4 Bg7 4. Nbd2 d5 5. e3 O-O 6. Be2 b6 7. O-O Bb7 8. c4 e6 9. Rc1 c5 10. dxc5 bxc5 11. cxd5 Nxd5 12. Be5 Nd7 13. Bxg7 Kxg7 14. Nc4 Rb8 15. b3 Qe7 16. Qc2 N7b6 17. Rfd1 Rfc8 18. e4 Nb4 19. Qb2+ f6 20. Nd6 Rd8 21. e5 f5 22. Rxc5 Be4 23. Rdc1 N6d5 24. Nd4 Bxg2 25. Kxg2 Nd3 26. Bxd3 Nf4+ 27. Kh1 Nxd3 28. Rc7 Rd7 29. Rxd7 Qxd7 30. Qd2 Nxc1 31. Qxc1 Rb6 32. Qc4 Kh6 33. Nxe6 1-0


[Site "https://www.chess.com"]

[Event "Titled Tuesday Blitz February 28 Early 2023"]
[White "Gatterer, Florian"]
[Black "Darini, Pouria"]
[WhiteFideId "811688"]
[BlackFideId "12502200"]
[WhiteElo "2221"]
[BlackElo "2482"]
[Result "0-1"]
[Round "01"]
[TimeControl "180+2"]
[Date "2023.02.28"]
[WhiteClock "0:00:27"]
[BlackClock "0:00:48"]

1. c4 c5 2. Nf3 Nc6 3. Nc3 Nf6 4. g3 d5 5. cxd5 Nxd5 6. Bg2 Nc7 7. O-O e5 8. a3 f6 9. d3 Be6 10. Bd2 Be7 11. Rc1 O-O 12. Ne4 Na6 13. Be3 Nd4 14. Bxd4 cxd4 15. Ned2 Nc7 16. Ne1 Nd5 17. Nc4 Rc8 18. e4 dxe3 19. Nxe3 Nxe3 20. fxe3 Qb6 21. d4 Rxc1 22. Qxc1 exd4 23. exd4 Qxd4+ 24. Kh1 b6 25. Nf3 Qc4 26. Qe1 Bc5 27. Nd2 Qa2 28. Ne4 Bf7 29. Nxc5 bxc5 30. Qc3 c4 31. h4 Rb8 32. Rf2 Qb3 33. Qd4 Qb6 34. Qf4 Re8 35. Kh2 h6 36. Bh3 Qe3 37. Qxe3 Rxe3 38. Rc2 Rb3 39. Bf1 c3 40. bxc3 Rxa3 41. c4 Kf8 42. c5 Ra2 43. Rxa2 Bxa2 44. c6 Ke7 45. Bg2 Kd6 46. Kg1 Bc4 47. Kf2 Bb5 48. c7 Kxc7 49. Ke3 Bc6 50. Bf1 a5 51. Kd4 Kd6 52. Kc3 Kc5 53. Bd3 Bd5 54. Bb1 a4 55. Bg6 a3 56. g4 a2 57. Kb2 Kd4 0-1


[Site "https://www.chess.com"]

[Event "Titled Tuesday Blitz February 28 Early 2023"]
[White "Csonka, Balazs"]
[Black "Bykovskiy, Oleg"]
[WhiteFideId "742910"]
[BlackFideId "14129825"]
[WhiteElo "2404"]
[BlackElo "2111"]
[Result "1-0"]
[Round "01"]
[TimeControl "180+2"]
[Date "2023.02.28"]
[WhiteClock "0:00:22"]
[BlackClock "0:00:07"]

1. e4 d6 2. d4 Nf6 3. Nc3 e5 4. Nf3 Nbd7 5. g4 h6 6. Rg1 c6 7. h4 exd4 8. Nxd4 Nc5 9. Qe2 Qe7 10. f3 Bd7 11. Be3 O-O-O 12. O-O-O g6 13. Nb3 Nxb3+ 14. axb3 Kb8 15. Qf2 c5 16. g5 hxg5 17. hxg5 Nh5 18. Bc4 Be6 19. Nd5 Bxd5 20. Bxd5 Bg7 21. b4 Qe5 22. c3 cxb4 23. Bxa7+ Ka8 24. Qb6 bxc3 25. Bxb7# 1-0


[Site "https://www.chess.com"]

[Event "Titled Tuesday Blitz February 28 Early 2023"]
[White "Llanos, Guillermo"]
[Black "Karthik Rajaa"]
[WhiteFideId "100358"]
[BlackFideId "25035215"]
[WhiteElo "2225"]
[BlackElo "2215"]
[Result "0-1"]
[Round "01"]
[TimeControl "180+2"]
[Date "2023.02.28"]
[WhiteClock "0:00:55"]
[BlackClock "0:00:31"]

1. Nf3 Nf6 2. c4 g6 3. Nc3 Bg7 4. e4 d6 5. d4 O-O 6. Be2 Nbd7 7. O-O e5 8. Be3 Qe7 9. Qc2 c6 10. d5 c5 11. Nd2 Kh8 12. a3 Ng8 13. b4 b6 14. Rab1 Bh6 15. Bxh6 Nxh6 16. f3 f5 17. Nb5 Nf6 18. bxc5 bxc5 19. Bd3 f4 20. Rb2 g5 21. Rfb1 g4 22. Bf1 Nf7 23. Nb3 a5 24. Nc3 Ng5 25. Qe2 Rg8 26. Kh1 Qg7 27. Nd2 gxf3 28. Nxf3 Nxf3 29. Qxf3 Bg4 30. Qf2 Qh6 31. Kg1 Bd7 32. Rb7 Ng4 33. h3 Nxf2 34. Kxf2 Qh4+ 35. Ke2 Bc8 36. Rf7 Qh5+ 0-1


[Site "https://www.chess.com"]

[Event "Titled Tuesday Blitz February 28 Early 2023"]
[White "Spata, German"]
[Black "Boraso, Alessio"]
[WhiteFideId "113026"]
[BlackFideId "848077"]
[WhiteElo "2238"]
[BlackElo "2286"]
[Result "1/2-1/2"]
[Round "01"]
[TimeControl "180+2"]
[Date "2023.02.28"]
[WhiteClock "0:00:03"]
[BlackClock "0:00:04"]

1. Nf3 Nf6 2. b3 g6 3. Bb2 Bg7 4. e3 O-O 5. Be2 d6 6. d4 e5 7. dxe5 Ng4 8. c4 Nc6 9. O-O Ngxe5 10. Nc3 Bd7 11. Qd2 Rb8 12. Rad1 Nxf3+ 13. Bxf3 Ne5 14. Be2 Bc6 15. Nd5 Re8 16. Rfe1 Rc8 17. f4 Nd7 18. Bxg7 Kxg7 19. Qd4+ Kg8 20. Bg4 Bxd5 21. cxd5 c5 22. dxc6 Rxc6 23. Bf3 Rb6 24. e4 Qf6 25. e5 Qe7 26. Qd2 Rd8 27. exd6 Qf6 28. Qd4 Qxd4+ 29. Rxd4 Nf8 30. Re7 Ne6 31. Rd2 Nxf4 32. d7 Kf8 33. Re4 Ne6 34. Rc4 Ke7 35. Bg4 Rxd7 36. Re2 f5 37. Bf3 Kf6 38. Rc8 Rd1+ 39. Kf2 Rdd6 40. Rb8 Nd4 41. Rd2 Nxf3 42. Rxd6+ Rxd6 43. Kxf3 Rd2 44. Rxb7 Rxa2 45. Rxh7 Ra3 46. Rb7 a5 47. Kf2 Ra2+ 48. Kf3 Ra3 49. Kf2 Kg5 50. Rb6 Kf4 51. g3+ Kg5 52. h4+ Kh6 53. Kg2 Kh5 54. Kf2 Kh6 55. Kg2 Kh5 56. Kf2 Kh6 1/2-1/2


[Site "https://www.chess.com"]

[Event "Titled Tuesday Blitz February 28 Early 2023"]
[White "Jenkins, Drake"]
[Black "Rosen, Eric"]
[WhiteFideId "2022397"]
[BlackFideId "2032562"]
[WhiteElo "2357"]
[BlackElo "2359"]
[Result "0-1"]
[Round "01"]
[TimeControl "180+2"]
[Date "2023.02.28"]
[WhiteClock "0:00:01"]
[BlackClock "0:00:32"]

1. Nf3 d5 2. c4 e6 3. g3 Nf6 4. Bg2 dxc4 5. a4 Nc6 6. O-O Bd6 7. Na3 Na5 8. Qc2 e5 9. Nxc4 Nxc4 10. Qxc4 Be6 11. Qb5+ Qd7 12. Qxb7 O-O 13. Ng5 Bg4 14. Re1 h6 15. Ne4 Nxe4 16. Qxe4 Rab8 17. d3 Rb4 18. Qc6 Qe7 19. h3 Bd7 20. Qc2 Rfb8 21. a5 h5 22. h4 Be6 23. a6 Qf6 24. Bb7 Qg6 25. Kh2 Rxh4+ 26. gxh4 e4+ 27. Kh1 Qg4 28. Bg5 Qh3+ 0-1


[Site "https://www.chess.com"]

[Event "Titled Tuesday Blitz February 28 Early 2023"]
[White "Averjanov, Alexey"]
[Black "Rangel, Daniel"]
[WhiteFideId "14109867"]
[BlackFideId "2124475"]
[WhiteElo "2661"]
[BlackElo "2256"]
[Result "0-1"]
[Round "01"]
[TimeControl "180+2"]
[Date "2023.02.28"]
[WhiteClock "0:00:16"]
[BlackClock "0:00:31"]

1. d4 Nf6 2. c4 e6 3. Nf3 d5 4. e3 Be7 5. Nbd2 O-O 6. Bd3 a6 7. O-O dxc4 8. Nxc4 c5 9. dxc5 Bxc5 10. a3 b5 11. Nce5 Bb7 12. b4 Bb6 13. Bb2 Nc6 14. Nxc6 Bxc6 15. Bxf6 gxf6 16. Bxh7+ Kg7 17. Bc2 Qc7 18. Rc1 Rad8 19. Qe2 Qb7 20. Rfd1 Bd5 21. Ne1 f5 22. Qh5 Qe7 23. Qh3 Rh8 24. Qg3+ Kf6 25. e4 Bc7 26. Qe3 Bxh2+ 27. Kf1 Bc4+ 28. Bd3 Be5 29. Bxc4 Rh1+ 30. Ke2 bxc4 31. Rxd8 Qxd8 32. Rxc4 f4 33. Qd3 Rxe1+ 34. Kxe1 Qxd3 35. Rc8 Qxe4+ 36. Kf1 Qd3+ 37. Kg1 Qd1+ 38. Kh2 f3+ 39. g3 Qf1 40. Rc4 Qg2# 0-1


[Site "https://www.chess.com"]

[Event "Titled Tuesday Blitz February 28 Early 2023"]
[White "Alice, Mateus Felizardo Viageiro"]
[Black "Starozhilov, Leonid"]
[WhiteFideId "14800047"]
[BlackFideId "14106752"]
[WhiteElo "2189"]
[BlackElo "2414"]
[Result "1/2-1/2"]
[Round "01"]
[TimeControl "180+2"]
[Date "2023.02.28"]
[WhiteClock "0:00:14"]
[BlackClock "0:00:03"]

1. e4 g6 2. d4 Bg7 3. Nc3 d6 4. Be3 a6 5. a4 Nc6 6. Nf3 Nf6 7. h3 O-O 8. Qd2 e5 9. d5 Nb4 10. a5 c6 11. Bc4 cxd5 12. exd5 Bf5 13. Bb3 Rc8 14. O-O Qd7 15. Rac1 Bxh3 16. gxh3 Qxh3 17. Ne2 Qxf3 18. Qxb4 Qxe2 19. Qh4 Qg4+ 20. Qxg4 Nxg4 21. Bd2 Bh6 22. Rcd1 Bxd2 23. Rxd2 Rc5 24. f3 Nh6 25. f4 e4 26. Rd4 Nf5 27. Rb4 Rb5 28. Rxb5 axb5 29. c3 Ra8 30. Ra1 Ne3 31. Kf2 Ng4+ 32. Ke2 f5 33. c4 bxc4 34. Bxc4 h5 35. b4 h4 36. Bb5 h3 37. Bc6 bxc6 38. dxc6 Nf6 39. b5 Nd5 40. b6 Nxb6 41. axb6 Rxa1 42. c7 h2 43. c8=Q+ Kh7 44. Qd7+ Kh6 45. Qe7 Re1+ 46. Kxe1 h1=Q+ 47. Kd2 Qh2+ 48. Kc3 Qxf4 49. b7 Qc1+ 50. Kd4 Qd2+ 51. Kc4 Qc2+ 52. Kd5 Qb3+ 53. Kxd6 e3 54. Qh4+ Kg7 55. Qe7+ Kh6 56. Qh4+ Kg7 57. Qe7+ Kh6 1/2-1/2


[Site "https://www.chess.com"]

[Event "Titled Tuesday Blitz February 28 Early 2023"]
[White "Melikyan, Gnel"]
[Black "Tiarks, Jann-Christian"]
[WhiteFideId "54109990"]
[BlackFideId "12951595"]
[WhiteElo "2138"]
[BlackElo "2194"]
[Result "1-0"]
[Round "01"]
[TimeControl "180+2"]
[Date "2023.02.28"]
[WhiteClock "0:00:12"]
[BlackClock "0:00:42"]

1. a3 a5 2. c4 Nf6 3. Nc3 c6 4. d4 d5 5. cxd5 cxd5 6. Bf4 e6 7. e3 Bd6 8. Bxd6 Qxd6 9. Nf3 O-O 10. Bd3 b6 11. O-O Ba6 12. Rc1 Bxd3 13. Qxd3 Nbd7 14. Nb5 Qe7 15. Rc7 Rfc8 16. Rfc1 Rxc7 17. Rxc7 g6 18. Qc2 Qf8 19. Qc6 Rd8 20. h3 h6 21. g3 Kh8 22. Nd6 Kg8 23. Nb7 Rb8 24. Ne5 Nxe5 25. dxe5 Ne4 26. Nd6 Nxd6 27. exd6 Rd8 28. d7 Qe7 29. Rc8 Kg7 30. Rxd8 Qxd8 31. Qc8 1-0


[Site "https://www.chess.com"]

[Event "Titled Tuesday Blitz February 28 Early 2023"]
[White "Sarkar, Justin"]
[Black "Md, Imran"]
[WhiteFideId "2010011"]
[BlackFideId "25748580"]
[WhiteElo "2189"]
[BlackElo "2217"]
[Result "0-1"]
[Round "01"]
[TimeControl "180+2"]
[Date "2023.02.28"]
[WhiteClock "0:00:52"]
[BlackClock "0:01:27"]

1. e4 c5 2. Nf3 d6 3. d4 cxd4 4. Nxd4 Nf6 5. Bc4 e6 6. Nc3 Be7 7. O-O O-O 8. Bb3 a6 9. f4 Nc6 10. Be3 Nxd4 11. Qxd4 Ng4 12. Bd2 Bf6 13. Qb4 a5 14. Qb5 Bd4+ 15. Kh1 Qh4 0-1


[Site "https://www.chess.com"]

[Event "Titled Tuesday Blitz February 28 Early 2023"]
[White "Vaibhav Jayant Raut"]
[Black "Matveeva, Olga"]
[WhiteFideId "5089034"]
[BlackFideId "24107018"]
[WhiteElo "2156"]
[BlackElo "2056"]
[Result "1-0"]
[Round "01"]
[TimeControl "180+2"]
[Date "2023.02.28"]
[WhiteClock "0:00:13"]
[BlackClock "0:00:01"]

1. d4 d5 2. Nf3 Nf6 3. c4 e6 4. Nc3 Be7 5. Bg5 O-O 6. e3 Nbd7 7. Be2 dxc4 8. Bxc4 c5 9. dxc5 Nxc5 10. O-O b6 11. Qe2 Bb7 12. Rfd1 Qc7 13. Bf4 Qc6 14. Bb5 Qc8 15. Rac1 Rd8 16. Rxd8+ Qxd8 17. Rd1 Qf8 18. h3 Rd8 19. Rxd8 Qxd8 20. a3 h6 21. b4 Nce4 22. Nxe4 Nxe4 23. Qd3 Qxd3 24. Bxd3 Kf8 25. Ne5 g5 26. Bh2 Kg7 27. Nd7 Bd6 28. Bxd6 Nxd6 29. Ne5 Kf6 30. Ng4+ Kg7 31. f3 f5 32. Ne5 Kf6 33. Nc4 Nxc4 34. Bxc4 Ke5 35. Kf2 Bd5 36. Bd3 Kd6 37. g4 Ke5 38. Bb5 Bb7 39. Kg3 Ba8 40. Bd3 Bb7 41. f4+ gxf4+ 42. exf4+ Kf6 43. gxf5 exf5 44. Kf2 Ke6 45. Ke3 Bc6 46. Kd4 Bb7 47. Bc4+ Kd6 48. Bf7 Bc8 49. h4 Bd7 50. Bg6 Bc8 51. Kc4 Bd7 52. Bf7 Bc8 53. a4 1-0


[Site "https://www.chess.com"]

[Event "Titled Tuesday Blitz February 28 Early 2023"]
[White "Kovacsy, Barnabas"]
[Black "Belozerov, Andrei"]
[WhiteFideId "769290"]
[BlackFideId "4120213"]
[WhiteElo "2130"]
[BlackElo "2360"]
[Result "0-1"]
[Round "01"]
[TimeControl "180+2"]
[Date "2023.02.28"]
[WhiteClock "0:00:19"]
[BlackClock "0:00:17"]

1. e4 c5 2. Nf3 Nc6 3. d4 cxd4 4. Nxd4 g6 5. c4 Bg7 6. Be3 Nf6 7. Nc3 d6 8. Be2 O-O 9. O-O Nxd4 10. Bxd4 Bd7 11. Qd2 Bc6 12. f3 a5 13. b3 Nd7 14. Bf2 Nc5 15. Rab1 Qb6 16. a3 Qc7 17. b4 axb4 18. axb4 Na4 19. Bd4 Bxd4+ 20. Qxd4 Nxc3 21. Qxc3 Ra2 22. Bd3 Rfa8 23. Ra1 Qb6+ 24. c5 dxc5 25. bxc5 Qa5 26. Qxa5 R8xa5 27. Rxa2 Rxa2 28. Rc1 Kg7 29. Rc2 Ra3 30. Bc4 g5 31. Kf2 Kf6 32. g3 e6 33. Ke2 Ke5 34. Bd3 f5 35. exf5 exf5 36. h4 gxh4 37. f4+ Kd4 38. Rc4+ Kd5 39. Rc1 hxg3 40. Rg1 Kd4 41. Rxg3 Bb5 0-1


[Site "https://www.chess.com"]

[Event "Titled Tuesday Blitz February 28 Early 2023"]
[White "Rostomyan, Mikayel"]
[Black "Petrova, Irina"]
[WhiteFideId "13313754"]
[BlackFideId "14124122"]
[WhiteElo "2009"]
[BlackElo "2084"]
[Result "1/2-1/2"]
[Round "01"]
[TimeControl "180+2"]
[Date "2023.02.28"]
[WhiteClock "0:00:08"]
[BlackClock "0:00:22"]

1. d4 d6 2. Nf3 g6 3. c4 Bg7 4. Nc3 Nc6 5. g3 Nf6 6. Bg2 O-O 7. O-O Bf5 8. Nd2 Nxd4 9. Bxb7 Rb8 10. Bg2 Bc2 11. Qe1 Bf5 12. e4 Bg4 13. f3 Bd7 14. Qd1 c5 15. Nb3 Ne8 16. Be3 Nxb3 17. axb3 Qb6 18. Ra3 Nc7 19. Qd2 Ne6 20. Nd5 Qd8 21. f4 Nd4 22. Qd3 Bc6 23. b4 Bxd5 24. exd5 Rxb4 25. Rxa7 Rxb2 26. Kh1 Bf6 27. Qe4 Qb8 28. Bxd4 cxd4 29. Raa1 Qb4 30. Rac1 Rc8 31. Qd3 Rd2 32. Qe4 Rxc4 33. Rb1 Rb2 34. Rxb2 Qxb2 35. f5 Rc1 36. fxg6 hxg6 37. h4 Rxf1+ 38. Bxf1 Qc3 39. Kh2 Be5 40. Qg4 d3 41. Qf3 Qc2+ 42. Kh3 d2 43. Be2 Qc1 44. h5 Qe1 45. hxg6 fxg6 46. Kg4 Kg7 47. Bd1 Qg1 48. Be2 Qd4+ 49. Kh3 Qc3 50. Qxc3 Bxc3 51. Kg4 Kf6 52. Kf4 Be5+ 53. Kf3 g5 54. g4 Bc3 55. Ke4 Bb4 56. Bd1 Ba5 57. Bb3 Bb6 58. Bd1 e6 59. dxe6 Kxe6 60. Bb3+ Kf6 61. Bd1 Bc5 62. Bb3 Ke7 63. Bd1 Kf6 64. Kd5 Ke7 65. Bc2 Kd7 66. Bd1 Kc7 67. Ke4 Kb6 68. Kd5 Ka5 69. Kc4 Kb6 70. Be2 Kc6 71. Bf3+ Kb6 72. Bd1 Ka5 73. Be2 Kb6 74. Bd1 Kc7 75. Kd5 Kb6 76. Kc4 1/2-1/2


[Site "https://www.chess.com"]

[Event "Titled Tuesday Blitz February 28 Early 2023"]
[White "Begunov, Konstantin"]
[Black "Sadubayev, Airat"]
[WhiteFideId "4118510"]
[BlackFideId "13713264"]
[WhiteElo "2118"]
[BlackElo "2101"]
[Result "0-1"]
[Round "01"]
[TimeControl "180+2"]
[Date "2023.02.28"]
[WhiteClock "0:00:01"]
[BlackClock "0:01:20"]

1. d4 d5 2. c4 e6 3. Nc3 c5 4. cxd5 exd5 5. Nf3 Nc6 6. g3 Nf6 7. Bg2 cxd4 8. Nxd4 Bc5 9. Nxc6 bxc6 10. O-O O-O 11. Na4 Bb6 12. Bf4 Re8 13. Rc1 Ba6 14. Re1 Bb5 15. Nc5 Bxc5 16. Rxc5 Qb6 17. Be3 Rxe3 18. Rxb5 cxb5 19. fxe3 Qxe3+ 20. Kh1 Ng4 21. Rf1 Nf2+ 22. Rxf2 Qxf2 23. Bxd5 Re8 24. Bf3 g6 25. g4 a6 26. b4 Qe3 27. Qd7 Qe6 28. Qd4 Qe7 29. Kg2 Rd8 30. Qb6 Rd6 31. Qc5 Re6 32. Qd4 Qd6 33. Qa7 Kg7 34. Qa8 Qxb4 35. Qd5 Qd6 36. Qb7 h6 37. Kh3 Qe5 38. Qa8 Rd6 39. Qb8 a5 40. Qc7 b4 0-1


[Site "https://www.chess.com"]

[Event "Titled Tuesday Blitz February 28 Early 2023"]
[White "Gauri, Shankar"]
[Black "Manon-og, Ramon Jr."]
[WhiteFideId "5041350"]
[BlackFideId "5200776"]
[WhiteElo "2240"]
[BlackElo "2345"]
[Result "1-0"]
[Round "01"]
[TimeControl "180+2"]
[Date "2023.02.28"]
[WhiteClock "0:01:22"]
[BlackClock "0:00:37"]

1. d4 Nf6 2. Nf3 g6 3. Nbd2 d5 4. b4 Bg7 5. e3 O-O 6. c4 c6 7. a4 a6 8. Bb2 Nbd7 9. Be2 Re8 10. O-O Nf8 11. Qb3 e6 12. b5 dxc4 13. Nxc4 cxb5 14. axb5 Qd5 15. Nfe5 axb5 16. Rxa8 bxc4 17. Qxc4 Qe4 18. Bf3 Qh4 19. Rxc8 b5 20. Qc6 Rxc8 21. Qxc8 g5 22. g3 Qh3 23. Qb7 g4 24. Qxf7+ Kh8 25. Bg2 Qh6 26. d5 exd5 27. Nxg4 1-0


[Site "https://www.chess.com"]

[Event "Titled Tuesday Blitz February 28 Early 2023"]
[White "Mika, Tomasz"]
[Black "Skvortsov, Andrei"]
[WhiteFideId "1132970"]
[BlackFideId "24108600"]
[WhiteElo "2179"]
[BlackElo "2259"]
[Result "0-1"]
[Round "01"]
[TimeControl "180+2"]
[Date "2023.02.28"]
[WhiteClock "0:00:23"]
[BlackClock "0:01:10"]

1. b3 e5 2. Bb2 Nc6 3. e3 Nge7 4. d4 exd4 5. exd4 d5 6. Nf3 g6 7. Bd3 Bg7 8. O-O O-O 9. h3 Bf5 10. Re1 Bxd3 11. Qxd3 Nf5 12. Nbd2 Nb4 13. Qc3 c5 14. Qxc5 a5 15. Re2 Rc8 16. Qa7 Nd6 17. a4 Rxc2 18. Ba3 Nc6 0-1


[Site "https://www.chess.com"]